 Dungeon Crawl Stone Soup version 0.25.1-1-g288607f5aa (webtiles) character file.

Game seed: 4263321454288156584

130330 protoss039 the Sorcerer (level 16, -16/76 HPs)
             Began as a Deep Elf Earth Elementalist on July 19, 2020.
             Was the Champion of Vehumet.
             Killed from afar by Nikola (23 damage)
             ... with a chain lightning
             ... on level 3 of the Swamp on July 20, 2020.
             The game lasted 03:44:06 (34006 turns).

protoss039 the Sorcerer (DEEE)                     Turns: 34006, Time: 03:44:06

Health: -16/76     AC: 15    Str:  2    XL:     16   Next: 52%
Magic:  14/44      EV: 12    Int: 28    God:    Vehumet [******]
Gold:   2104       SH:  6    Dex: 23    Spells: 2/60 levels left

rFire    . . .     SeeInvis +   U - staff of energy
rCold    + . .     Gourm    .   W - +0 buckler {reflect}
rNeg     . . .     Faith    .   Z - +3 leather armour {rPois}
rPois    +         Spirit   .   G - +2 hat {SInv}
rElec    .         Reflect  +   r - +0 cloak
rCorr    .         Harm     .   i - +2 pair of gloves
MR       ++...                  e - +1 pair of boots {Stlth+}
Stlth    ++++......             N - amulet "Xikk" {RegenMP MR+ Str-3 Dex+4}
HPRegen  0.22/turn              X - ring of the Devouring Seer {rC+ Dex+4 Stlth+}
MPRegen  0.54/turn              s - ring of flight

@: flying (expiring)
A: no striking features
a: Renounce Religion, Stop Flying


You were on level 3 of the Swamp.
You worshipped Vehumet.
Vehumet was exalted by your worship.
You were not hungry.

You visited 4 branches of the dungeon, and saw 26 of its levels.
You also visited: Sewer.

You collected 5722 gold pieces.
You spent 3618 gold pieces at shops.

Inventory:

Hand Weapons
 J - the +6 halberd "Syjulot" {vorpal, rF++ Int-2}
   (You took it off a centaur on level 11 of the Dungeon)

   It inflicts extra damage upon your enemies.
   It affects your intelligence (-2).
   It greatly protects you from fire.
Missiles
 b - 435 stones (quivered)
Armour
 e - a +1 pair of boots of stealth (worn)
 i - a +2 pair of gloves (worn)
 r - a +0 cloak (worn)
 G - a +2 hat of see invisible (worn)
 R - a +3 troll leather armour {Snorg}
 W - a +0 buckler of reflection (worn)
 Z - a +3 leather armour of poison resistance (worn)
Magical Staves
 F - an uncursed staff of earth
 U - an uncursed staff of energy (weapon)
Jewellery
 s - a ring of flight (right hand)
 C - an uncursed amulet of faith {unknown}
 N - the amulet "Xikk" (around neck) {RegenMP MR+ Str-3 Dex+4}
   (You bought it in a shop on level 8 of the Dungeon)

   [amulet of magic regeneration]

   It increases your magic regeneration.
   It affects your strength (-3).
   It affects your dexterity (+4).
   It affects your resistance to hostile enchantments.
 V - an uncursed ring of protection from magic
 X - the ring of the Devouring Seer (left hand) {rC+ Dex+4 Stlth+}
   (You found it on level 4 of the Lair of Beasts)

   [ring of stealth]

   It affects your dexterity (+4).
   It protects you from cold.
   It makes you more stealthy.
 Y - an uncursed ring of resist corrosion {unknown}
Wands
 l - a wand of clouds (1)
 v - a wand of polymorph (48)
 y - a wand of digging (6)
 z - a wand of disintegration (9)
 K - a wand of iceblast (10)
 Q - a wand of flame (25)
 S - a wand of paralysis (12)
Scrolls
 h - 7 scrolls of magic mapping
 j - 6 scrolls of amnesia
 m - 2 scrolls of summoning
 n - 4 scrolls of enchant weapon
 p - 14 scrolls of teleportation
 x - a scroll of torment {unknown}
 B - 3 scrolls of enchant armour
 E - a scroll of blinking
 H - 8 scrolls of remove curse
 O - 2 scrolls of fear
 P - 3 scrolls of fog
Potions
 a - a potion of ambrosia
 c - 2 potions of magic {unknown}
 f - 5 potions of mutation
 g - 6 potions of brilliance
 k - 3 potions of haste
 o - a potion of might
 q - 5 potions of stabbing
 t - a potion of berserk rage {unknown}
 u - 5 potions of heal wounds
 A - 2 potions of lignification
 D - 2 potions of cancellation {unknown}
 I - 2 potions of flight {unknown}
 L - a potion of invisibility {unknown}
 M - 4 potions of resistance {unknown}
 T - 11 potions of curing
Comestibles
 d - 47 rations
 w - 8 chunks of flesh


   Skills:
 - Level 4.0 Armour
 - Level 3.0 Dodging
 - Level 3.0 Stealth
 - Level 4.0 Shields
 * Level 22.6 Spellcasting
 - Level 14.3 Conjurations
 - Level 10.0 Transmutations
 + Level 16.4 Earth Magic


You had 2 spell levels left.
You knew the following spells:

 Your Spells              Type           Power        Failure   Level  Hunger
a - Sandblast             Erth           ######       0%          1    None
b - Passwall              Tmut/Erth      #######.     0%          2    None
c - Stone Arrow           Conj/Erth      ######       0%          3    None
d - Petrify               Tmut/Erth      #######.     1%          4    None
e - Lee's Rapid Deconstr  Erth           #######...   1%          5    None
f - Orb of Destruction    Conj           #######...   1%          7    None
g - Statue Form           Tmut/Erth      #######..    1%          6    None
h - Iron Shot             Conj/Erth      #######...   1%          6    None
i - Lehudib's Crystal Sp  Conj/Erth      #######...   8%          8    None
j - Shatter               Erth           #######...   54%         9    None
k - Spellforged Servitor  Conj/Summ      ######....   26%         7    None

Your spell library contained the following spells:

 Spells                   Type           Power        Failure   Level  Hunger
 Magic Dart               Conj           ####         0%          1    None
 Beastly Appendage        Tmut           ######       1%          1    None
 Foxfire                  Conj/Fire      ####         1%          1    None
 Freeze                   Ice            ####         1%          1    None
 Sting                    Tmut/Pois      ####         1%          1    None
 Sticks to Snakes         Tmut           ######..     1%          2    None
 Corona                   Hex            ####...      2%          1    None
 Blink                    Tloc           N/A          3%          2    None
 Call Imp                 Summ           ####....     3%          2    None
 Ensorcelled Hibernation  Hex/Ice        ####..       3%          2    None
 Slow                     Hex            ####....     3%          2    None
 Conjure Flame            Conj/Fire      ######..     1%          3    None
 Dazzling Flash           Conj/Hex       ######       1%          3    None
 Frozen Ramparts          Ice            ####..       1%          3    None
 Inner Flame              Hex/Fire       ####....     1%          3    None
 Mephitic Cloud           Conj/Pois/Air  ######..     1%          3    None
 Spider Form              Tmut/Pois      ######....   1%          3    None
 Hailstorm                Conj/Ice       ######..     1%          4    None
 Leda's Liquefaction      Hex/Erth       ######....   1%          4    None
 Sticky Flame             Conj/Fire      ######..     1%          4    None
 Blade Hands              Tmut           ######....   1%          5    None
 Bolt of Magma            Conj/Fire/Erth ######....   1%          5    None
 Fireball                 Conj/Fire      ######....   1%          5    None
 Irradiate                Conj/Tmut      #######...   1%          5    None
 Yara's Violent Unravell  Hex/Tmut       ######....   2%          5    None
 Ice Form                 Ice/Tmut       ######..     3%          4    None
 Hydra Form               Tmut           ######....   6%          6    None
 Confusing Touch          Hex            ####....     7%          3    None
 Gell's Gravitas          Tloc           ####......   7%          3    None
 Ozocubu's Armour         Chrm/Ice       ####....     7%          3    None
 Tukima's Dance           Hex            ####....     7%          3    None
 Cause Fear               Hex            ####......   24%         4    None
 Summon Ice Beast         Ice/Summ       ####....     24%         4    None
 Dragon Form              Tmut           ######....   32%         7    None
 Metabolic Englaciation   Hex/Ice        ####......   54%         5    None
 Silence                  Hex/Air        ####......   54%         5    None
 Chain Lightning          Conj/Air       ######....   86%         8    None
 Discord                  Hex            ####......   100%        8    None
 Absolute Zero            Ice            ####......   100%        9    None
 Fire Storm               Conj/Fire      ######....   100%        9    None


Dungeon Overview and Level Annotations

Branches:
Dungeon (15/15)            Temple (0/1) D:5            Lair (6/6) D:9
  Swamp (3/4) Lair:4       Spider (0/4) Lair:3        Slime (0/5) Lair:6
    Orc (2/2) D:10            Elf (0/3) Orc:2        Vaults (0/5) D:13
  Sewer (visited)
 Depths: D:15

Altars:
Cheibriados
Dithmenos
Elyvilon
Hepliaklqana
Kikubaaqudgha
Nemelex Xobeh
Ru
Sif Muna
Trog
Vehumet
Xom

Shops:
D:4 [   D:8 **[=!   D:13 *   Orc:2 }*:[

Annotations:
D:2 1 runed translucent door, Crazy Yiuf
D:8 1 exclusion
D:10 2 transporters, protoss039's ghost, journeyman DEEE
D:12 1 exclusion
D:13 2 exclusions
D:14 4 exclusions
D:15 Rupert
Swamp:3 Nikola


Message History

Unknown command.
Okay, then.
As you read the scroll of fog, it crumbles to dust.
The scroll dissolves into smoke.
Nikola points at you and mumbles some strange words.
The zap misses you.
Unknown command.
Unknown command.
Unknown command.
Are you sure you want to fly over deep water while you are losing your buoyancy?
Okay, then.
Okay, then.
Are you sure you want to fly over deep water while you are losing your buoyancy?
Okay, then.
Nikola mumbles some strange words.
You hear a mighty clap of thunder!
The lightning arc hits you!!
* * * LOW HITPOINT WARNING * * *
The lightning arc hits Nikola.
The lightning arc hits you!!
You die...

..≈≈≈.≈≈.♣♣♣ ♣♣♣..♣♣
.≈≈≈≈≈≈≈...♣♣♣♣.≈♣♣
(≈≈≈.≈≈≈..≈♣♣≈≈≈.♣
♣÷≈...≈≈.♣♣≈.≈≈≈.♣
♣♣♣≈§...≈♣♣...≈≈.♣♣
....≈...≈≈..≈≈≈§§≈♣
....♣♣♣...÷≈≈≈§§§§♣♣
♣♣♣♣♣≈≈≈≈≈≈≈≈≈§§§§§♣
.♣♣ ♣.≈≈≈≈≈≈.≈§§@§♣♣
≈§♣ ♣♣.≈≈≈≈≈≈.§§§§♣ ≈≈♣
♣≈.≈§≈≈≈≈≈§§§♣ ≈.♣
♣♣♣♣≈.≈..≈≈..♣♣♣♣♣♣ .≈♣
♣..≈.≈≈≈.≈......≈♣ ≈♣♣
♣......≈≈≈≈(≈.≈..♣♣ ♣♣
♣♣♣≈.≈@...≈≈≈≈..≈♣♣
♣≈♣.......[.≈.≈.♣♣
♣♣♣♣.≈§.######..≈≈≈≈≈♣♣


You could see Nikola.

Vanquished Creatures
  Jorgrun (Orc:2)
  Gastronok (Lair:2)
  Agnes (D:14)
  2 thorn hunters (Swamp:3)
  Roxanne (Swamp:2)
  An orc warlord (Orc:2)
  Louise (Swamp:2)
  Nessos (D:15)
  Snorg (D:14)
  7 vault guards (D:13)
  2 ghost crabs
  A shambling mangrove (Swamp:2)
  9 hydras
  2 catoblepae (Lair:6)
  The ghost of protoss039 the Eclecticist, a journeyman DEEE of Vehumet (D:12)
  2 centaur warriors
  3 two-headed ogres
  Erica (D:9)
  3 death yaks (Lair:6)
  10 alligators
  2 tengu warriors
  4 orc high priests (Orc:2)
  A wizard (D:14)
  An unseen horror (D:11)
  Pikel (D:9)
  2 deep elf magi
  5 lindwurms
  An orc knight (D:14)
  A wolf spider zombie (D:14)
  2 oklob plants (Lair:4)
  An orc sorcerer (Orc:2)
  A wolf spider (D:15)
  10 ugly things
  3 cyclopes
  4 manticores
  A salamander (shapeshifter) (D:14)
  14 elephants
  4 black mambas
  2 gargoyles
  A torpor snail (Lair:6)
  20 spiny frogs
  8 komodo dragons
  A tengu conjurer (D:15)
  An efreet (D:13)
  A kobold demonologist (D:11)
  2 rime drakes (Lair:6)
  12 polar bears
  6 trolls
  3 tyrant leeches
  A bog body (Lair:4)
  A slime creature (Lair:6)
  21 blink frogs
  2 raiju (Lair:6)
  9 hornets
  2 dream sheep (Lair:6)
  A meliai zombie (D:12)
  19 hippogriffs
  8 spriggans
  A shadow (D:11)
  A tarantella (Lair:3)
  A redback (D:11)
  2 wraiths (D:11)
  58 yaks
  A hungry ghost (D:13)
  3 fire elementals (D:14)
  Grum (D:11)
  5 vampire mosquitoes
  A steam dragon (Lair:2)
  8 swamp worms
  11 wargs
  4 insubstantial wisps (Swamp:3)
  An acid dragon (D:14)
  22 water moccasins
  13 hell hounds (Lair:6)
  2 soldier ants
  A swamp drake (Swamp:3)
  10 porcupines
  12 black bears
  18 orc warriors
  A slave (D:9)
  4 ice beasts
  9 sky beasts
  2 eyes of draining
  6 phantoms
  32 wolves
  13 ogres
  10 centaurs
  21 crocodiles
  3 big kobolds
  25 bullfrogs
  A gnoll sergeant (D:13)
  2 water moccasin skeletons
  7 scorpions
  14 wights
  17 killer bees
  3 howler monkeys (D:8)
  4 bullfrog zombies
  6 crimson imps
  A quasit (D:8)
  4 bullfrog skeletons
  8 centaur zombies
  6 hounds
  4 centaur skeletons
  30 orc priests
  4 jellies
  30 orc wizards
  9 iguanas
  Ijyb (D:5)
  8 worker ants
  2 hound skeletons
  A worker ant zombie (D:5)
  Robin (D:2)
  15 adders
  10 gnolls
  7 shadow imps
  A howler monkey simulacrum (D:11)
  2 oozes (D:2)
  An adder zombie (D:8)
  3 adder skeletons
  4 worms
  A dart slug (D:2)
  3 leopard geckos
  77 orcs
  2 ball pythons
  12 bats
  6 giant cockroaches
  17 goblins
  12 hobgoblins
  9 jackals
  20 kobolds
  5 quokkas
  5 frilled lizards
  A jackal skeleton (D:5)
  A leopard gecko skeleton (D:6)
  A quokka skeleton (D:4)
  3 rats
  6 fungi
  3 plants
922 creatures vanquished.

Vanquished Creatures (collateral kills)
  Azrael (D:14)
  A fire elemental (D:14)
2 creatures vanquished.

Vanquished Creatures (others)
  A bush (Lair:6)
  9 fungi
  20 plants
30 creatures vanquished.

Grand Total: 954 creatures vanquished

Notes
Turn   | Place    | Note
-------+----------+-------------------------------------------
     0 | D:1      | protoss039 the Deep Elf Earth Elementalist began the quest
                  | for the Orb.
     0 | D:1      | Reached XP level 1. HP: 10/10 MP: 6/6
   102 | D:1      | Reached XP level 2. HP: 13/15 MP: 1/8
   917 | D:2      | Reached XP level 3. HP: 2/19 MP: 0/9
  1023 | D:2      | Found an ancient bone altar of Kikubaaqudgha.
  1032 | D:2      | Found a shimmering blue altar of Sif Muna.
  1037 | D:2      | Found a radiant altar of Vehumet.
  1043 | D:2      | Became a worshipper of Vehumet
  1050 | D:2      | Identified Sif Muna's Volume of Changing
  1225 | D:2      | Found a sacrificial altar of Ru.
  1243 | D:2      | Reached skill level 4 in Spellcasting
  1286 | D:2      | Reached XP level 4. HP: 19/24 MP: 8/12
  1438 | D:2      | Found a snail-covered altar of Cheibriados.
  1475 | D:2      | Found a white marble altar of Elyvilon.
  1475 | D:2      | Found a sparkling altar of Nemelex Xobeh.
  1678 | D:2      | Found a runed translucent door.
  1679 | D:2      | Noticed Crazy Yiuf
  1905 | D:2      | Noticed Robin
  1908 | D:2      | Killed Robin
  1922 | D:2      | Reached * piety under Vehumet
  1922 | D:2      | Offered knowledge of Magic Dart by Vehumet.
  2091 | D:2      | Learned a level 2 spell: Passwall
  2095 | D:2      | Learned a level 3 spell: Stone Arrow
  2204 | D:3      | Reached skill level 5 in Spellcasting
  2505 | D:3      | Reached XP level 5. HP: 26/28 MP: 10/14
  2827 | D:3      | Found a shimmering altar of Xom.
  2848 | D:3      | Reached skill level 5 in Earth Magic
  2881 | D:3      | Reached skill level 6 in Spellcasting
  2934 | D:3      | Reached XP level 6. HP: 15/32 MP: 1/17
  3158 | D:3      | Learned a level 4 spell: Petrify
  3164 | D:3      | Learned a level 5 spell: Lee's Rapid Deconstruction
  3306 | D:4      | Found Ujukkoupp's Antique Armour Shop.
  3313 | D:4      | Bought a pair of glowing boots for 180 gold pieces
  3544 | D:4      | Found a glowing drain.
  3548 | Sewer    | Entered a sewer
  3569 | Sewer    | Offered knowledge of Searing Ray by Vehumet.
  3570 | Sewer    | Reached ** piety under Vehumet
  4475 | D:5      | Entered Level 5 of the Dungeon
  4575 | D:5      | Reached skill level 7 in Spellcasting
  4870 | D:5      | Noticed a sky beast
  4876 | D:5      | Killed a sky beast
  4876 | D:5      | Reached skill level 1 in Conjurations
  4876 | D:5      | Reached XP level 7. HP: 36/36 MP: 3/19
  5019 | D:5      | Noticed Ijyb
  5024 | D:5      | Found a staircase to the Ecumenical Temple.
  5034 | D:5      | Killed Ijyb
  5140 | D:5      | Reached skill level 8 in Spellcasting
  5301 | D:5      | Noticed a troll
  5460 | D:5      | Killed a troll
  5460 | D:5      | Reached skill level 9 in Spellcasting
  5460 | D:5      | Reached XP level 8. HP: 41/41 MP: 1/23
  5872 | D:5      | Found a bloodstained altar of Trog.
  6323 | D:6      | Reached skill level 1 in Armour
  6403 | D:6      | Found a hazy altar of Hepliaklqana.
  6404 | D:6      | Found a shadowy altar of Dithmenos.
  6475 | D:6      | Offered knowledge of Dazzling Flash by Vehumet.
  6817 | D:6      | Reached *** piety under Vehumet
  7031 | D:7      | Reached XP level 9. HP: 45/45 MP: 10/24
  7044 | D:7      | Reached skill level 10 in Spellcasting
  7400 | D:7      | Offered knowledge of Conjure Flame by Vehumet.
  7634 | D:7      | Reached skill level 5 in Conjurations
  7801 | D:7      | Found a bloodstained altar of Trog.
  8011 | D:8      | Reached skill level 11 in Spellcasting
  8128 | D:8      | Found Inunox's Assorted Antiques.
  8216 | D:8      | Found Ymij's General Store.
  8422 | D:8      | Found Giuvvik's Jewellery Shoppe.
  8446 | D:8      | Reached **** piety under Vehumet
  8473 | D:8      | Offered knowledge of Olgreb's Toxic Radiance by Vehumet.
  8594 | D:8      | Found Kutatys's Armour Shop.
  8709 | D:8      | Found Daotadgh's Distillery.
  8916 | D:8      | Reached XP level 10. HP: 50/50 MP: 21/27
  9240 | D:9      | Found a staircase to the Lair.
  9383 | D:9      | Reached skill level 10 in Earth Magic
  9386 | D:9      | Reached skill level 12 in Spellcasting
  9723 | D:9      | Noticed Erica
  9727 | D:9      | Killed Erica
  9917 | D:9      | Noticed Pikel
  9922 | D:9      | Killed Pikel
 10416 | D:9      | Reached XP level 11. HP: 54/54 MP: 21/29
 10416 | D:9      | Reached skill level 13 in Spellcasting
 10565 | D:10     | Entered Level 10 of the Dungeon
 10580 | D:10     | Found Asuevig's Weapon Shoppe.
 10727 | D:10     | Reached ***** piety under Vehumet
 10727 | D:10     | Offered knowledge of Orb of Destruction by Vehumet.
 10847 | D:10     | Learned a level 7 spell: Orb of Destruction
 11127 | D:10     | Found a transporter.
 11145 | D:10     | Found a transporter.
 11148 | D:10     | Noticed protoss039's ghost (journeyman DEEE)
 11835 | D:10     | Found a staircase to the Orcish Mines.
 11878 | D:11     | Found a sparkling altar of Nemelex Xobeh.
 12433 | D:11     | Noticed an eight-headed hydra
 12438 | D:11     | Killed an eight-headed hydra
 12438 | D:11     | Reached skill level 14 in Spellcasting
 12438 | D:11     | Reached skill level 10 in Conjurations
 12623 | D:11     | Noticed a centaur warrior
 12627 | D:11     | Found a runed translucent door.
 12639 | D:11     | Noticed a five-headed hydra
 12644 | D:11     | Killed a five-headed hydra
 12725 | D:11     | Found a runed translucent door.
 12726 | D:11     | Found a runed translucent door.
 12727 | D:11     | Found a runed translucent door.
 13202 | D:11     | Offered knowledge of Iskenderun's Mystic Blast by Vehumet.
 13327 | D:11     | Noticed Grum
 13329 | D:11     | Killed Grum
 13352 | D:11     | Identified the +6 halberd "Syjulot" {vorpal, rF++ Int-2}
 13356 | D:11     | Reached XP level 12. HP: 59/59 MP: 13/32
 13379 | D:11     | Noticed a tengu warrior
 13384 | D:11     | Killed a tengu warrior
 13384 | D:11     | Reached skill level 15 in Spellcasting
 13836 | D:8      | Bought a book of Transfigurations for 605 gold pieces
 13843 | D:8      | Learned a level 6 spell: Statue Form
 14782 | D:12     | Found a runed translucent door.
 14784 | D:12     | Noticed protoss039's ghost (journeyman DEEE)
 14789 | D:12     | Identified the +6 spear "Guzotyr" {venom, *Slow Dex+9}
 14967 | D:12     | Killed protoss039's ghost
 15289 | D:13     | Noticed a two-headed ogre
 15290 | D:13     | Killed a two-headed ogre
 15306 | D:13     | Noticed a vault guard
 15307 | D:13     | Noticed a vault guard
 15326 | D:13     | Killed a vault guard
 15326 | D:13     | Reached skill level 16 in Spellcasting
 15326 | D:13     | Reached skill level 5 in Transmutations
 15327 | D:13     | Killed a vault guard
 15330 | D:13     | Noticed a vault guard
 15697 | D:13     | Noticed a centaur warrior
 15699 | D:13     | Killed a centaur warrior
 15746 | D:13     | Noticed a vault guard
 15753 | D:13     | Killed a vault guard
 15868 | D:13     | Noticed a vault guard
 16057 | D:13     | Found a gate to the Vaults.
 16080 | D:13     | Noticed a vault guard
 16091 | D:13     | Killed a vault guard
 16212 | D:13     | Noticed a vault guard
 16324 | D:13     | Reached XP level 13. HP: 63/63 MP: 28/35
 16923 | D:13     | Found Nibig's Assorted Antiques.
 16926 | D:13     | Bought 3 scrolls of identify for 156 gold pieces
 17374 | D:14     | Noticed Agnes
 17380 | D:14     | Killed Agnes
 17392 | D:14     | Reached skill level 17 in Spellcasting
 17392 | D:14     | Noticed Azrael
 17770 | D:14     | Noticed Snorg
 17776 | D:14     | Killed Snorg
 18858 | D:14     | Reached ****** piety under Vehumet
 18861 | D:14     | Offered knowledge of Iron Shot by Vehumet.
 19018 | D:15     | Entered Level 15 of the Dungeon
 19030 | D:15     | Noticed Nessos
 19040 | D:15     | Killed Nessos
 19169 | D:15     | Noticed Rupert
 19205 | D:15     | Reached skill level 18 in Spellcasting
 19463 | D:14     | Killed Azrael
 19847 | D:15     | Found a shadowy altar of Dithmenos.
 19900 | D:15     | Noticed a dire elephant
 20152 | Lair:1   | Entered Level 1 of the Lair of Beasts
 20162 | Lair:1   | Learned a level 6 spell: Iron Shot
 20253 | Lair:1   | Reached XP level 14. HP: 68/68 MP: 27/38
 21117 | Lair:2   | Noticed Gastronok
 21122 | Lair:2   | Killed Gastronok
 22538 | Lair:2   | Reached skill level 19 in Spellcasting
 22752 | Lair:2   | Learned a level 8 spell: Lehudib's Crystal Spear
 23144 | Lair:3   | Identified a scroll of acquirement
 23145 | Lair:3   | Acquired 2890 gold pieces
 23159 | Lair:3   | Found a hole to the Spider Nest.
 24349 | D:8      | Bought a potion of heal wounds for 60 gold pieces
 24349 | D:8      | Bought a potion of curing for 36 gold pieces
 24349 | D:8      | Bought a potion of stabbing for 48 gold pieces
 24349 | D:8      | Bought a potion of haste for 120 gold pieces
 24349 | D:8      | Bought a potion of brilliance for 48 gold pieces
 24349 | D:8      | Bought a potion of heal wounds for 60 gold pieces
 24349 | D:8      | Bought a potion of curing for 36 gold pieces
 24349 | D:8      | Bought a potion of heal wounds for 60 gold pieces
 24367 | D:8      | Bought the amulet "Xikk" {RegenMP MR+ Str-3 Dex+4} for 536
                  | gold pieces
 24416 | D:8      | Bought a runed buckler for 247 gold pieces
 24416 | D:8      | Bought a scroll of identify for 66 gold pieces
 24591 | Lair:4   | Got a shimmering wooden ring
 24593 | Lair:4   | Identified the ring of the Devouring Seer {rC+ Dex+4
                  | Stlth+} (You found it on level 4 of the Lair of Beasts)
 24618 | Lair:4   | Reached skill level 1 in Shields
 24912 | Lair:4   | Found a staircase to the Swamp.
 25779 | Lair:4   | Offered knowledge of Conjure Ball Lightning by Vehumet.
 26749 | Lair:6   | Entered Level 6 of the Lair of Beasts
 27010 | Lair:6   | Reached XP level 15. HP: 72/72 MP: 28/40
 27214 | Lair:6   | Offered knowledge of Starburst by Vehumet.
 27633 | Lair:6   | Reached skill level 20 in Spellcasting
 27639 | Lair:6   | Reached skill level 10 in Transmutations
 27911 | Lair:6   | Offered knowledge of Ozocubu's Refrigeration by Vehumet.
 28138 | Lair:6   | Found a staircase to the Slime Pits.
 28404 | Lair:6   | Reached skill level 15 in Earth Magic
 28672 | Lair:6   | Got a dazzling whip
 28673 | Lair:6   | Identified the +6 whip of the Hall of Blades {antimagic,
                  | rElec MR++ Stlth+} (You found it on level 6 of the Lair of
                  | Beasts)
 29075 | Orc:1    | Entered Level 1 of the Orcish Mines
 29600 | D:8      | Bought an uncursed ring of protection from magic for 300
                  | gold pieces
 29716 | Orc:2    | Entered Level 2 of the Orcish Mines
 29777 | Orc:2    | Noticed an orc warlord
 29862 | Orc:2    | Found a staircase to the Elven Halls.
 29914 | Orc:2    | Killed an orc warlord
 30269 | Orc:2    | Reached skill level 21 in Spellcasting
 30272 | Orc:2    | Noticed Jorgrun
 30348 | Orc:2    | Killed Jorgrun
 30499 | Orc:2    | Found Baapukai's General Store.
 30499 | Orc:2    | Found Soca's Armour Shop.
 30501 | Orc:2    | Found Peboep's Book Shop.
 30505 | Orc:2    | Found Kiojol's Gadget Boutique.
 30517 | Orc:2    | Bought a scroll of magic mapping for 42 gold pieces
 30517 | Orc:2    | Bought a scroll of identify for 24 gold pieces
 30517 | Orc:2    | Bought a potion of curing for 36 gold pieces
 30517 | Orc:2    | Bought a potion of brilliance for 48 gold pieces
 30539 | Orc:2    | Bought a book of the Earth for 910 gold pieces
 30549 | Orc:2    | Learned a level 9 spell: Shatter
 31153 | Swamp:1  | Entered Level 1 of the Swamp
 31295 | Swamp:1  | Reached XP level 16. HP: 72/76 MP: 26/43
 32234 | Swamp:2  | Identified Roxanne's Collected Works on Stones
 32234 | Swamp:2  | Noticed Roxanne
 32239 | Swamp:2  | Killed Roxanne
 32239 | Swamp:2  | Offered knowledge of Spellforged Servitor by Vehumet.
 32726 | Swamp:2  | Noticed Louise
 32734 | Swamp:2  | Killed Louise
 33231 | Swamp:3  | Noticed a thorn hunter
 33235 | Swamp:3  | Reached skill level 22 in Spellcasting
 33416 | Swamp:2  | Learned a level 7 spell: Spellforged Servitor
 33582 | Swamp:3  | Killed a thorn hunter
 33680 | Swamp:3  | Noticed Nikola
 33770 | Swamp:3  | Noticed a thorn hunter
 33804 | Swamp:3  | Killed a thorn hunter
 34006 | Swamp:3  | Killed from afar by Nikola

Illustrated notes

Levels and vault maps discovered:
D:1:      lemuel_arrival_behind_the_door_large, layout_basic
D:2:      layout_rooms, grunt_temple_overflow_magic_moments,
          nicolae_ru_great_annihilating_truth, grunt_temple_overflow_open,
          amethyst_killhole, uniq_crazy_yiuf_cottage, uniq_robin
D:3:      layout_loops_ring, led_xom_imps
D:4:      layout_basic, serial_shops, shop, gup_sewer_entry_bowl
D:5:      layout_layer_cave, lightli_temple_of_fire,
          minmay_temple_entry_sparse_star, first_ration, uniq_ijyb
D:6:      layout_rooms, riverfiend_overflow_shadow_ancestor, minmay_manual_mares
D:7:      layout_basic, basic_altar
D:8:      layout_gridville, serial_shops, shop, shop, shop, shop,
          nicolae_shop_stone
D:9:      layout_stronghold, erik_lair_orcish_takeover, enter_bailey_7,
          the_bakery, uniq_pikel, uniq_erica
D:10:     layout_basic, orc_0_dummy, gammafunk_ghost_stat_death, serial_shops,
          nicolae_shop_trees
D:11:     minmay_the_grid_triangle_9x9_rhombus_full
          [minmay_the_grid_triangle_9x9_subtriangle,
          minmay_the_grid_triangle_9x9_windchime,
          minmay_the_grid_triangle_9x9_swiss_cheese,
          minmay_the_grid_triangle_9x9_warning,
          minmay_the_grid_triangle_9x9_fully_insulated_deathbox,
          minmay_the_grid_triangle_9x9_sparse_checkered,
          minmay_the_grid_triangle_9x9_limited_checkers,
          minmay_the_grid_triangle_9x9_prize_top_heavy], layout_cave_pods,
          nemelex_diamond_rough_becter, uniq_grum
D:12:     layout_big_octagon, ebering_ghost_funeral_grove, minivault_19
D:13:     layout_loops_corners, erik_vaults_2, serial_shops, nicolae_shop_stone,
          hangedman_abyss_or_decor_passed
D:14:     layout_cave_pods, roderic_lattice_a, uniq_azrael, uniq_agnes,
          uniq_snorg
D:15:     hangedman_depths_entry_try_elsewhere_first, layout_irregular_city,
          basic_altar, uniq_rupert, uniq_nessos
Lair:1:   layout_cellular_growth, serial_bayou_shore_a, grunt_megastairs_5
Lair:2:   layout_roguey, minmay_lindwurm_lava, infiniplex_staircase_pool_2,
          uniq_gastronok
Lair:3:   layout_cave_pods, spider_nest_entry_rubble
Lair:4:   layout_long_grid, skrybe_swamp_entry_bodies, minmay_lair_oklob_chamber
Lair:5:   layout_misc_corridors
Lair:6:   hangedman_lair_in_review, layout_regular_city,
          hangedman_lair_caniforms_friends, minmay_slime_entry_pillars,
          chequers_serial_rivers_room_a
Swamp:1:  layout_basic_swamp, nicolae_swamp_fairy_circle
Swamp:2:  layout_basic_swamp, evilmike_swamp_ruin_rubble_2, uniq_louise,
          uniq_roxanne
Swamp:3:  layout_basic_swamp, evilmike_swamp_ruin_house_2, uniq_nikola
Orc:1:    layout_caves
Orc:2:    st_orc_mages, layout_diamond_mine, uniq_jorgrun

Skill      XL: |  1  2  3  4  5  6  7  8  9 10 11 12 13 14 15 16 |
---------------+-------------------------------------------------+-----
Stealth        | 3 |  3.0
Dodging        | 3 |  3.0
Spellcasting   | 4 5 6 7 9 11 12 14 16 18 19 21 22 | 22.6
Earth Magic    | 4 5 6 7 8 9 11 12 13 14 15 16 | 16.4
Conjurations   | 1 2 4 6 8 11 12 13 14 | 14.3
Armour         | 3 4 |  4.0
Transmutations | 2 6 8 9 10 | 10.0
Shields        | 4 |  4.0

Action                   |  1- 3 |  4- 6 |  7- 9 | 10-12 | 13-15 | 16-18 || total
-------------------------+-------+-------+-------+-------+-------+-------++-------
Melee: Dagger            |    63 |   104 |    16 |    53 |     6 |       ||   242
       Unarmed           |     1 |       |       |       |       |       ||     1
       Halberd           |       |       |       |       |     3 |       ||     3
       Staff             |       |       |       |       |    20 |       ||    20
 Cast: Sandblast         |    36 |    88 |    65 |    89 |   127 |     1 ||   406
       Stone Arrow       |       |    15 |    72 |   156 |   124 |     1 ||   368
       Lee's Rapid Decon |       |     2 |    22 |    89 |   230 |    11 ||   354
       Petrify           |       |       |     1 |    11 |    16 |     1 ||    29
       Orb of Destructio |       |       |       |       |    22 |    56 ||    78
       Iron Shot         |       |       |       |       |   249 |    42 ||   291
       Statue Form       |       |       |       |       |     6 |       ||     6
 Abil: End Transformatio |       |       |       |       |     6 |       ||     6
       Evoke Flight      |       |       |       |       |     2 |    18 ||    20
       Stop Flying       |       |       |       |       |     1 |     3 ||     4
  Use: Scroll            |       |     5 |     3 |     5 |    13 |     6 ||    32
       Potion            |       |       |       |       |    10 |     1 ||    11
 Stab: Sleeping          |     2 |     4 |     1 |     1 |       |       ||     8
       Paralysed         |     1 |       |       |       |       |       ||     1
  Eat: Chunk             |     1 |    12 |    15 |    22 |    39 |     5 ||    94
       Ration            |       |       |       |     1 |     3 |     2 ||     6
Armor: Robe              |    27 |    65 |     1 |       |       |       ||    93
       Troll leather arm |       |       |    23 |    75 |    60 |       ||   158
       Leather armour    |       |       |       |    13 |     9 |    10 ||    32
       Skin              |       |       |       |       |    67 |       ||    67
Dodge: Dodged            |    85 |   126 |    23 |   171 |   147 |    15 ||   567
Block: Buckler           |       |       |       |       |    39 |    11 ||    50
       Other             |       |       |       |       |     2 |       ||     2
       Reflection        |       |       |       |       |     3 |     2 ||     5
